 Seeded DCSS version 0.32-a0-938-g40ac7a0f4d (webtiles) character file.

Game seed: 4279452743693619285 (custom seed)

377 bronco the Skirmisher (level 6, -6/50 HPs)
             Began as a Minotaur Hunter on Apr 15, 2024.
             Mangled by a mummy (16 damage)
             ... in an ossuary.
             The game lasted 00:04:38 (2349 turns).

bronco the Skirmisher (Minotaur Hunter)             Turns: 2349, Time: 00:04:39

Health: -6/50      AC:  3    Str: 16    XL:     6   Next: 45%
Magic:  5/5        EV: 11    Int:  6    God:
Gold:   215        SH:  0    Dex: 15    Spells: 5/5 levels left

rFire   . . .        b - +0 falchion
rCold   . . .        (no shield)
rNeg    . . .        c - +0 leather armour
rPois   .            p - +0 hat
rElec   .            (no cloak)
rCorr   .            (no gloves)
SInv    .            (no boots)
Will    .....        o - amulet of the acrobat
Stlth   +            (no ring)
HPRegen 0.28/turn    (no ring)
MPRegen 0.09/turn

%: acrobat
@: no status effects
A: horns 2, retaliatory headbutt
a: no special abilities


You were in an ossuary.
You visited 1 branch of the dungeon, and saw 4 of its levels.
You also visited: Ossuary.

You collected 215 gold pieces.

Inventory:

Hand Weapons
 a - a +0 shortbow
 b - a +0 falchion (weapon)
Missiles
 f - 5 javelins
Armour
 c - a +0 leather armour (worn)
 p - a +0 hat (worn)
Jewellery
 o - an amulet of the acrobat (around neck)
Scrolls
 e - 2 scrolls of identify {unknown}
 i - 2 scrolls of revelation {unknown}
 k - a scroll of butterflies
 l - a scroll of vulnerability {unknown}
 m - a scroll of blinking {unknown}
 q - a scroll of immolation {unknown}
 r - a scroll of enchant armour {unknown}
Potions
 d - a potion of attraction {unknown}
 g - a potion of degeneration {unknown}
 h - 3 potions of curing
 j - 3 potions of might {unknown}
 n - a potion of mutation {unknown}


   Skills:
 - Level 2.4 Fighting
 + Level 8.6 Ranged Weapons
 - Level 2.1 Dodging
 - Level 0.7 Stealth


You had 5 spell levels left.
You didn't know any spells.
Your spell library contained the following spells:

 Spells                   Type           Power      Damage    Failure   Level
 Scorch                   Fire           0%         2d5       67%         2
 Fugue of the Fallen      Necr           0%         N/A       88%         3
 Ozocubu's Armour         Ice            0%         N/A       88%         3
 Flame Wave               Conj/Fire      0%         2d4       99%         4
 Summon Cactus Giant      Summ           0%         N/A       100%        6
 Manifold Assault         Tloc           0%         N/A       100%        7


Dungeon Overview and Level Annotations

Branches:
Dungeon (4/15)            Ossuary (1/1)
 Temple: D:4-7

Altars:
Uskayaw

Shops:
D:2 (!*[


Innate Abilities, Weirdness & Mutations

You have a pair of horns on your head.
You reflexively headbutt those who attack you in melee.


Message History

The weeping skull unleashes gushing sobs.
The wave of grief passes through you.
You shoot an arrow.
The arrow barely misses the weeping skull.
The weeping skull touches you.
You shoot an arrow.
The arrow hits the weeping skull but does no damage.
The weeping skull is severely damaged.
The weeping skull touches you.
You shoot an arrow.
The arrow hits the weeping skull but does no damage.
The weeping skull is severely damaged.
The weeping skull's misery overflows.
The wave of grief passes through you.
Unknown command.
b - a +0 falchion (weapon)
The mummy hits you!
You are too injured to fight recklessly!
You are too injured to fight recklessly!
You hit the weeping skull.
The weeping skull is severely damaged.
The weeping skull releases gushing sobs.
The wave of grief passes through you.
You hit the weeping skull. You headbutt the weeping skull.
The weeping skull is almost destroyed.
The weeping skull's misery overflows.
The wave of grief passes through you. The mummy closely misses you.
The weeping skull barely misses you.
You barely miss the weeping skull. You headbutt the weeping skull.
You destroy the weeping skull!
The mummy barely misses you.
Your life force feels restored.
You hit the mummy.
The mummy is moderately damaged.
The mummy hits you!
* * * LOW HITPOINT WARNING * * *
You slash the mummy!
The mummy is severely damaged.
It was a potion of curing.
You feel better. The mummy hits you!
You die...

###+### .###
##.....##
##''°#
##.......###..#
+.....^...'...#
+....⌠^...'.#.#
+.........'...#
#.......###..#
##....M## ##++
##+#@## #...#
##.## #.∩.#
#.∩.# #####


You could see a mummy.

Vanquished Creatures
  A weeping skull (Ossuary)
  A scorpion (D:4)
  A centaur zombie (Ossuary)
  A hound (D:4)
  A gnoll bouda (D:3)
  A hound zombie (D:4)
  3 adders
  4 gnolls (D:3)
  A ribbon worm (D:2)
  An adder skeleton (D:4)
  2 dart slugs
  3 orcs
  4 endoplasms
  3 giant cockroaches
  6 hobgoblins
  3 quokkas
  9 ball pythons
  5 bats
  2 frilled lizards
  6 goblins
  7 kobolds
  A kobold zombie (Ossuary)
  16 rats
82 creatures vanquished.

Notes
Turn   | Place    | Note
-------+----------+-------------------------------------------
     0 | D:1      | bronco the Minotaur Hunter began the quest for the Orb.
     0 | D:1      | Reached XP level 1. HP: 18/18 MP: 0/0
   125 | D:1      | Reached XP level 2. HP: 25/25 MP: 1/1
   160 | D:1      | Reached skill level 5 in Ranged Weapons
   665 | D:1      | Reached XP level 3. HP: 30/30 MP: 2/2
   863 | D:2      | Found Zoog's Armour Shoppe.
  1025 | D:2      | Found Mututhirgh's Assorted Antiques.
  1097 | D:2      | Reached skill level 6 in Ranged Weapons
  1166 | D:2      | Found Offeetogg's Distillery.
  1190 | D:2      | Found Exkaeto's Weapon Boutique.
  1340 | D:2      | Found a faded altar of an unknown god.
  1484 | D:3      | Found a hide-covered altar of Uskayaw.
  1507 | D:3      | Reached XP level 4. HP: 37/37 MP: 3/3
  1589 | D:3      | Reached skill level 7 in Ranged Weapons
  1589 | D:3      | Reached XP level 5. HP: 12/42 MP: 4/4
  2226 | D:4      | Reached skill level 8 in Ranged Weapons
  2247 | D:4      | Found a sand-covered staircase.
  2253 | D:4      | Reached XP level 6. HP: 38/50 MP: 5/5
  2261 | Ossuary  | Entered an ossuary
  2349 | Ossuary  | Mangled by a mummy

Illustrated notes

Levels and vault maps discovered:
D:1:      ldierk_walled_garden, layout_loops_cross,
          chequers_serial_rivers_large_b, minmay_rat_gold_closets
D:2:      layout_rooms, serial_shops, shop, nicolae_shop_rolling_square,
          nicolae_shop_crystal, nicolae_shop_bloodbath_and_beyond,
          shapermc_ecumenical_altar_mp_vishouse
D:3:      layout_loops_ring, eat_drink_and_be_merry_uskayaw, chequers_arboretum,
          nicolae_grassy_gnolls
D:4:      layout_cave_pools, grunt_temple_overflow_diamond,
          mainiacjoe_ossuary_entry_find_the_door, corexii_checkpoint,
          uniq_crazy_yiuf_cottage, uniq_blork_the_orc, uniq_menkaure
Ossuary:  ossuary_crypta

Skill      XL: |  1  2  3  4  5 |
---------------+----------------+-----
Ranged Weapons | 5 6 7 8 |  8.6
Fighting       | |  2.4
Dodging        | |  2.1
Stealth        | |  0.7

Action                     |  1- 3 |  4- 6 || total
---------------------------+-------+-------++-------
  Melee: Falchion          |       |     5 ||     5
         Headbutt          |       |     2 ||     2
   Fire: Shortbow          |   135 |    95 ||   230
    Use: Potion            |       |     1 ||     1
 Armour: Leather armour    |    45 |    33 ||    78
  Dodge: Dodged            |    19 |    31 ||    50

Table legend: (Time is in decaauts)
 A = Elapsed time spent in this place.
 B = Non-inter-level travel time spent in this place.
 C = Inter-level travel time spent in this place.
 D = Time resting spent in this place.
 E = Time spent auto-exploring this place.
 F = Levels seen in this place.
 G = Mean time per level.
                   A        B        C        D        E       F      G
               +--------+--------+--------+--------+--------+-----+--------+
         Total |   2404 |   2298 |    106 |    112 |   1693 |   5 |  480.8 |
       Dungeon |   2315 |   2209 |    106 |    112 |   1651 |   4 |  578.8 |
       Ossuary |     89 |     89 |      0 |      0 |     42 |   1 |   89.0 |
               +--------+--------+--------+--------+--------+-----+--------+

Top non-repeatable levels by time:
     D:1: 869 daAuts
     D:3: 797 daAuts
     D:2: 550 daAuts
     D:4: 98 daAuts
 Ossuary: 89 daAuts
